 Dungeon Crawl Stone Soup version 0.17-a0-1263-gc2a165f (console) character file.

564 HyperMorgan the Cudgeler (level 7, 0/45 HPs)
             Began as an Octopode Artificer on June 4, 2015.
             Was a Believer of Trog.
             Slain by Sigmund
             ... wielding a +0 scythe
              (12 damage)
             ... on level 5 of the Dungeon on June 7, 2015.
             The game lasted 00:17:02 (5733 turns).

HyperMorgan the Cudgeler (Octopode Artificer)       Turns: 5733, Time: 00:17:03

Health: 0/45       AC:  1    Str: 11    XL:     7   Next: 32%
Magic:  9/9        EV: 12    Int: 14    God:    Trog [**....]
Gold:   259        SH:  0    Dex: 14    Spells: 0 memorised, 6 levels left

rFire  . . .     SeeInvis .     a - +0 whip (venom)
rCold  . . .     Clarity  .     (no shield)
rNeg   . . .     SustAt   .     (helmet restricted)
rPois  .         Gourm    .     (no amulet)
rElec  .         Spirit   .     (no ring)
rCorr  .         Warding  .     (no ring)
rMut   .         Stasis   .     (no ring)
MR     .....                    (no ring)
Stlth  +++.......               (no ring)
                                (no ring)
                                (no ring)
                                (no ring)

@: not resistant to hostile enchantments, fairly stealthy
A: almost no armour, amphibious, 8 rings, constrict 8, camouflage 1, gelatinous
body 1
a: Burn Spellbooks, Berserk, Trog's Hand, Renounce Religion


You were on level 5 of the Dungeon.
You worshipped Trog.
Trog was pleased with you.
You were very hungry.

You visited 1 branch of the dungeon, and saw 5 of its levels.
You also visited: Sewer.

You collected 259 gold pieces.

Inventory:

Hand weapons
 a - a +0 whip of venom (weapon)
 b - a +0 blowgun
 o - a +0 flail
 z - a +1 mace of holy wrath
Missiles
 p - 35 poisoned needles
 s - a javelin of penetration (quivered)
Magical devices
 c - a wand of enslavement (14)
 d - a wand of random effects (11)
 r - a wand of flame (14)
 D - a wand of disintegration (12)
Scrolls
 g - 3 scrolls of teleportation
 h - a scroll of recharging {unknown}
 k - 7 scrolls of remove curse
 l - 2 scrolls of fear {unknown}
 q - a scroll of immolation {unknown}
 u - a scroll of magic mapping {unknown}
 w - 2 scrolls of fog {unknown}
 x - a scroll of noise {unknown}
 y - 2 scrolls of enchant armour {unknown}
Potions
 f - 2 potions of agility {unknown}
 j - 4 potions of curing
 n - 2 potions of might
 v - a potion of flight {unknown}
 A - 2 potions of brilliance {unknown}
 B - 3 potions of heal wounds {unknown}
 E - a potion of invisibility {unknown}
Comestibles
 e - a bread ration
 i - 2 beef jerkies
 m - 3 meat rations
 t - a fruit


   Skills:
 - Level 2.0 Fighting
   Level 1.0 Short Blades
 + Level 7.0 Maces & Flails
 - Level 2.3 Dodging
 - Level 1.3 Stealth
 - Level 3.5 Evocations


You had 6 spell levels left.
You didn't know any spells.

Dungeon Overview and Level Annotations

Branches:
Dungeon (5/15)
 Temple: D:4-7

Altars:
Dithmenos
Fedhas
Gozag
Nemelex Xobeh
Trog
Zin

Annotations:
D:3 Terence
D:5 Blork the orc, Grinder, Sigmund


Innate Abilities, Weirdness & Mutations

You cannot wear most types of armour.
You are amphibious.
You can wear up to eight rings at the same time.
You can use your tentacles to constrict eight enemies at once.
Your skin changes colour to match your surroundings (Stealth).
Your rubbery body absorbs attacks (AC +1).


Message History

Your skin stops crawling.
You feel less resistant to hostile enchantments.
Blork the orc gestures at you while chanting.
The puff of flame hits you!
* * * LOW HITPOINT WARNING * * *
Drink which item? (? for menu, Esc to quit)
You feel better. Blork the orc casts a spell at you.
The puff of flame hits you!
* * * LOW HITPOINT WARNING * * *
Drink which item? (? for menu, Esc to quit)
You feel better.
Blork the orc mumbles some strange words.
You feel troubled.
Evoke which item? (* to show all) (? for menu, Esc to quit)
Zapping:
c - a wand of enslavement (15)
Press: ? - help, Shift-Dir - straight line, f - Blork the orc
Aim: Blork the orc, wielding a battleaxe and wearing a robe (moderately wounded, chance to defeat MR: 52%) This wand has 14 charges left.
Something hits you!
You die...

▒▒▒▒▒∙∙∙∙∙∙∙∙∙∙∙∙▒
▒▒▒∙5∙∙∙∙∙∙∙▒▒▒
▒▒∙▒∙∙∙▒▒∙∙∙▒▒
▒∙∙∙%∙∙∙∙∙∙∙∙▒▒ ▒ ▒
▒∙∙∙∙∙∙∙∙∙∙∙∙∙▒
)▒∙∙∙∙∙∙∙∙∙o∙∙∙∙∙∙▒
∙∙∙∙∙∙∙∙∙∙∙∙∙∙∙∙∙∙▒
▒∙▒▒▒∙∙∙∙∙∙∙∙∙∙∙∙▒▒▒▒
▒▒▒∙▒▒▒▒▒▒∙∙∙x∙∙∙∙∙∙∙∙▒
■∙∙∙∙∙∙∙▒▒▒▒▒∙▒▒▒▒▒∙∙∙▒
▒∙▒ ▒∙▒ ▒∙▒ ▒∙(∙▒ ▒▒▒)▒
▒∙▒ ▒∙▒ ▒∙∙∙▒ ▒∙5)▒▒▒∙▒
▒∙▒ ▒∙∙∙▒ ▒∙∙∙∙∙▒∙▒ ▒∙▒
▒∙<∙▒ ▒▒▒▒▒5▒∙▒ ▒∙▒
▒▒▒∙∙∙▒ ▒∙▒∙▒ ▒∙▒
▒∙∙∙∙∙▒ ▒∙∙∙▒ ▒∙▒
▒∙▒∙∙∙▒


You could see Grinder (wandering) and Blork the orc.

Vanquished Creatures
  An ogre (D:4)
  2 big kobolds (Sewer)
  2 hounds (D:4)
  3 adders
  3 gnolls (D:4)
  8 river rats
  An ooze (D:1)
  An adder skeleton (D:3)
  3 worms
  2 giant geckos (D:4)
  14 orcs
  6 ball pythons
  5 bats
  5 giant cockroaches
  6 goblins
  7 hobgoblins
  2 jackals (D:2)
  22 kobolds
  A giant gecko skeleton (D:3)
  A giant newt (Sewer)
  2 quokka skeletons (D:4)
  27 rats
124 creatures vanquished.

Notes
Turn   | Place    | Note
--------------------------------------------------------------
     0 | D:1      | HyperMorgan the Octopode Artificer began the quest for the Orb.
     0 | D:1      | Reached XP level 1. HP: 13/13 MP: 3/3
     0 | D:1      | --oh yeah, sure, another Op immediately, thanks
     0 | D:1      | Upgraded the game from 0.17-a0-1210-g1e4f09d to 0.17-a0-1263-gc2a165f
   278 | D:1      | Reached XP level 2. HP: 13/18 MP: 4/4
   933 | D:2      | Found a bloodstained altar of Trog.
   933 | D:2      | Found a sparkling altar of Nemelex Xobeh.
   933 | D:2      | Found an opulent altar of Gozag.
   955 | D:2      | Became a worshipper of Trog the Wrathful
  1149 | D:2      | Reached XP level 3. HP: 22/24 MP: 5/5
  1150 | D:2      | Found a shadowy altar of Dithmenos.
  1273 | D:2      | Reached skill level 1 in Maces & Flails
  1664 | D:3      | Noticed Terence
  2675 | D:3      | Reached XP level 4. HP: 14/29 MP: 6/6
  2877 | D:4      | Noticed an ogre
  2896 | D:4      | Killed an ogre
  2896 | D:4      | Reached skill level 4 in Maces & Flails
  2896 | D:4      | Reached XP level 5. HP: 34/34 MP: 7/7
  3050 | D:4      | Reached XP level 6. HP: 16/39 MP: 8/8
  3109 | D:4      | Found a glowing silver altar of Zin.
  3192 | D:4      | Reached skill level 5 in Maces & Flails
  3206 | D:4      | Acquired Trog's first power
  3212 | D:4      | Found a blossoming altar of Fedhas.
  3341 | D:4      | Found a glowing drain.
  3354 | Sewer    | Entered a sewer
  3870 | Sewer    | Acquired Trog's second power
  4214 | Sewer    | Reached skill level 6 in Maces & Flails
  4214 | Sewer    | Reached XP level 7. HP: 17/45 MP: 9/9
  5536 | D:5      | Entered Level 5 of the Dungeon
  5592 | D:5      | Noticed Grinder
  5606 | D:5      | Reached skill level 7 in Maces & Flails
  5692 | D:5      | Paralysed by Grinder for 2 turns
  5705 | D:5      | Noticed Blork the orc
  5705 | D:5      | Noticed Sigmund
  5733 | D:5      | Slain by Sigmund

Vault maps used:
D:1:      minmay_arrival_glassed_features, minmay_misc_feat_square,
          minivault_23, kennysheep_another_room
D:2:      grunt_dithmenos_smoke, gammafunk_temple_overflow_forgotten
D:3:      uniq_terence
D:4:      zin_academy, lemuel_crystal_altar, portal_sewer_entry_e,
          kennysheep_generic_room_3
D:5:      first_bread, kennysheep_generic_room_16, uniq_grinder,
          uniq_blork_the_orc, uniq_duvessa, uniq_sigmund
Sewer:    sewer_minmay_treatment

Action                   |  1- 3 |  4- 6 |  7- 9 || total
-------------------------+-------+-------+-------++-------
Melee: Short sword       |    47 |       |       ||    47
       Whip              |    14 |    37 |    48 ||    99
       Flail             |       |    90 |     8 ||    98
 Fire: Blowgun           |       |    12 |     2 ||    14
Throw: Javelin           |     5 |     3 |       ||     8
Invok: Berserk           |       |     1 |       ||     1
       Trog's Hand       |       |       |     1 ||     1
Evoke: Wand              |     2 |       |     4 ||     6
  Use: Scroll            |     5 |       |       ||     5
       Potion            |       |       |     3 ||     3
 Stab: Sleeping          |     9 |    12 |     2 ||    23
       Distracted        |     1 |     1 |       ||     2
  Eat: Chunk             |     5 |     5 |     5 ||    15
